 Dungeon Crawl Stone Soup version 0.31-a0-692-gf03d1854d5 (webtiles) character file.

Game seed: 11111036939473055984

329 qw the Shooter (level 6, -5/39 HPs)
             Began as a Gargoyle Hunter on Sept 6, 2023.
             Slain by an ogre
             ... wielding a +0 giant club
              (9 damage)
             ... on level 4 of the Dungeon.
             The game lasted 00:00:59 (2988 turns).

qw the Shooter (Gargoyle Hunter)                    Turns: 2988, Time: 00:00:59

Health: -5/39      AC: 10    Str: 14    XL:     6   Next: 51%
Magic:  0/6        EV: 10    Int: 13    God:
Gold:   25         SH:  0    Dex: 14    Spells: 5/5 levels left

rFire   . . .        Y - +1 orcbow
rCold   . . .        (shield currently unavailable)
rNeg    + . .        i - +0 ring mail
rPois   inf          g - +0 helmet
rElec   +            (no cloak)
rCorr   .            (no gloves)
SInv    .            (no boots)
Will    +....        e - amulet of guardian spirit
Stlth   +            c - ring of willpower
HPRegen 0.26/turn    (no ring)
MPRegen 0.10/turn

%: guardian spirit
@: no status effects
A: sickness immunity, AC +4, negative energy resistance 1, electricity
resistance, torment resistance 1, petrification resistance, clever 1, MP-powered
wands
a: no special abilities


You were on level 4 of the Dungeon.
You visited 1 branch of the dungeon, and saw 4 of its levels.

You collected 252 gold pieces.
You spent 227 gold pieces at shops.


Innate Abilities, Weirdness & Mutations

You are immune to sickness and miasma.
Your stone body is resilient. (AC +4)
You are immune to poison.
You resist negative energy. (rN+)
You are resistant to electric shocks. (rElec)
You are resistant to unholy torment.
You are immune to petrification.
Your mind is acute. (Int +4, Str/Dex -1)
You expend magic power (3 MP) to strengthen your wands.


   Skills:
 - Level 4.7 Fighting
 + Level 6.3 Ranged Weapons
 - Level 1.2 Armour
 - Level 1.5 Dodging
 - Level 1.1 Stealth


You had 5 spell levels left.
You didn't know any spells.
Your spell library was empty.

Inventory:

Hand Weapons
 Y - a +1 orcbow (weapon)
Armour
 g - a +0 helmet (worn)
 i - a +0 ring mail (worn)
Jewellery
 c - a ring of willpower (left hand)
 e - an amulet of guardian spirit (around neck)
Scrolls
 b - a scroll of identify
Potions
 a - a potion of mutation
 d - a potion of haste
 h - a potion of might {unknown}
 k - a potion of brilliance {unknown}

Dungeon Overview and Level Annotations

Branches:
Dungeon (4/15)             Temple (0/1) D:4

Altars:
Vehumet

Shops:
D:3 **(

Annotations:
D:2 1 runed translucent door, Crazy Yiuf


Message History

You shoot an arrow. The arrow hits the jackal!
You kill the jackal!
The jackal barely misses you. The jackal misses you.
The jelly hits you but does no damage.
You shoot an arrow. The arrow hits the jelly.
The jelly is moderately wounded.
The jackal bites you but does no damage.
The jelly hits you but does no damage.
The jackal bites you but does no damage.
The ogre hits you with a +0 giant club!!
You shoot an arrow. The arrow barely misses the jelly.
The jackal barely misses you. The jelly misses you.
The ogre closely misses you. The jackal barely misses you.
The jelly hits you but does no damage.
You shoot an arrow. The arrow hits the jelly!
You kill the jelly!
The jackal misses you. The ogre closely misses you.
The jackal barely misses you.
You shoot an arrow.
The arrow hits the ogre but does no damage.
The jackal misses you.
The jackal bites you but does no damage.
The ogre closely misses you.
You shoot an arrow. The arrow completely misses the ogre.
The jackal barely misses you.
You shoot an arrow. The orc shouts!
The arrow hits the ogre!
The ogre is heavily wounded.
The jackal bites you. The ogre hits you with a +0 giant club!
The jackal bites you.
You shoot an arrow. The arrow hits the ogre!
The ogre is severely wounded.
The jackal bites you but does no damage.
The ogre closely misses you.
The jackal bites you but does no damage.
You shoot an arrow. The arrow hits the ogre.
The ogre is almost dead.
The jackal bites you but does no damage.
The ogre hits you with a +0 giant club!
You die...

.......................
........................
........................
........................
...............!........
........%...............
###...h.........####.##.
.....#O#.#o#.#..# #.##.
#.....@h.......# #.##.
#...#.......#..# #. ##
................###
.....#...>...#..... .###
..##........:...... ....
.....#.......#....# #...
###.$............. ....
#.#.#.#.#.#....# #...
#............[#### ###.


You could see an ogre, an orc and 2 jackals.

Vanquished Creatures
  A phantom (D:4)
  An orc priest (D:4)
  A hound (D:3)
  A jelly (D:4)
  2 iguanas
  An orc wizard (D:4)
  3 adders (D:2)
  An ufetubus (D:2)
  A dart slug (D:4)
  2 orcs (D:4)
  2 bats (D:3)
  4 endoplasms
  4 giant cockroaches
  6 goblins
  6 hobgoblins
  2 jackals (D:4)
  4 quokkas
  7 ball pythons
  4 frilled lizards
  6 kobolds
  5 rats
64 creatures vanquished.

Notes
Turn   | Place    | Note
-------+----------+-------------------------------------------
     0 | D:1      | qw the Gargoyle Hunter began the quest for the Orb.
     0 | D:1      | Reached XP level 1. HP: 12/12 MP: 1/1
     0 | D:1      | 0 ||| qw: Version: 0.3-a-76-g4403597
     0 | D:1      | 0 ||| qw: Game counter: 343
     0 | D:1      | 0 ||| qw: Melee chars always use a shield: true
     0 | D:1      | 0 ||| qw: God list: Okawaru
     0 | D:1      | 0 ||| qw: Allow faded altars: false
     0 | D:1      | 0 ||| qw: Do Orc after clearing Dungeon:15 true
     0 | D:1      | 0 ||| qw: Do second Lair branch before Depths: true
     0 | D:1      | 0 ||| qw: Lair rune preference: random
     0 | D:1      | 0 ||| qw: Goals: Normal
     0 | D:1      | 0 ||| PLANNING D:1-11
   204 | D:1      | Reached XP level 2. HP: 17/17 MP: 2/2
   516 | D:1      | Reached XP level 3. HP: 21/21 MP: 3/3
   721 | D:1      | 721 ||| UPGRADING to +0 ring mail.
   731 | D:1      | 731 ||| DROPPING +0 leather armour.
   732 | D:1      | 732 ||| READING scroll labelled VYOCOR LAGITI.
   736 | D:1      | 736 ||| READING scroll labelled ZUDIJA GIJO.
   737 | D:1      | 737 ||| READING scroll labelled LOITHR YGILO.
   738 | D:1      | 738 ||| READING scroll labelled YNIXKAOGY.
   739 | D:1      | 739 ||| DROPPING scroll of butterflies.
   802 | D:2      | Found a radiant altar of Vehumet.
   830 | D:2      | Reached skill level 1 in Armour
   884 | D:2      | Reached skill level 5 in Ranged Weapons
  1142 | D:2      | Reached XP level 4. HP: 16/27 MP: 4/4
  1205 | D:2      | Found a runed translucent door.
  1206 | D:2      | Noticed Crazy Yiuf
  1295 | D:2      | Reached skill level 3 in Fighting
  1637 | D:2      | 1637 ||| UPGRADING to ring of willpower.
  1679 | D:3      | Found Vicuituf's Assorted Antiques.
  1687 | D:3      | 1687 ||| BUYING dented jasper amulet (95 gold).
  1687 | D:3      | Bought a dented jasper amulet for 95 gold pieces
  1687 | D:3      | 1687 ||| BUYING orcbow (66 gold).
  1687 | D:3      | Bought an orcbow for 66 gold pieces
  1687 | D:3      | 1687 ||| BUYING scroll labelled HOERYIMNEU (19 gold).
  1687 | D:3      | Bought a scroll labelled HOERYIMNEU for 19 gold pieces
  1687 | D:3      | 1687 ||| SWAPPING to +0 orcbow.
  1688 | D:3      | 1688 ||| DROPPING +0 shortbow.
  1816 | D:3      | HP: 6/28 [iguana (9)]
  1820 | D:3      | Reached XP level 5. HP: 5/32 MP: 5/5
  2003 | D:3      | Found Tagryapti's Antique Weapon Shoppe.
  2492 | D:3      | Found Hucvitai's Assorted Antiques.
  2499 | D:3      | 2499 ||| BUYING fizzy red potion (22 gold).
  2499 | D:3      | Bought a fizzy red potion for 22 gold pieces
  2499 | D:3      | 2499 ||| BUYING scroll labelled MAENTU YNKIST (25 gold).
  2499 | D:3      | Bought a scroll labelled MAENTU YNKIST for 25 gold pieces
  2499 | D:3      | 2499 ||| SHOPLISTING sedimented ruby potion (22 gold, have
                  | 14).
  2499 | D:3      | 2499 ||| SHOPLISTING short lead wand (100 gold, have 14).
  2611 | D:3      | 2611 ||| UPGRADING to amulet of guardian spirit.
  2616 | D:3      | 2616 ||| READING scroll labelled HOERYIMNEU.
  2617 | D:3      | 2617 ||| READING 2 scrolls labelled MAENTU YNKIST.
  2618 | D:3      | 2618 ||| READING scroll labelled PAMPEUGINWADGH.
  2619 | D:3      | 2619 ||| DRINKING 2 murky red potions.
  2619 | D:3      | Gained mutation: Your mind is acute. (Int +4, Str/Dex -1)
                  | [potion of mutation]
  2619 | D:3      | Gained mutation: You expend magic power (3 MP) to
                  | strengthen your wands. [potion of mutation]
  2620 | D:3      | 2620 ||| DRINKING 2 fizzy red potions.
  2647 | D:3      | 2647 ||| DROPPING potion of lignification.
  2648 | D:3      | 2648 ||| DROPPING scroll of blinking.
  2680 | D:4      | 2680 ||| Stepping ~*~*~tactically~*~*~ (outnumbered).
  2686 | D:4      | Reached skill level 6 in Ranged Weapons
  2696 | D:4      | HP: 6/32 [orc/+0 flail (6)]
  2697 | D:4      | 2697 ||| READING scroll of teleportation.
  2907 | D:4      | Found a staircase to the Ecumenical Temple.
  2908 | D:4      | 2908 ||| PLANNING TEMPLE
  2908 | D:4      | 2908 ||| UPGRADING to +0 helmet.
  2913 | D:4      | 2913 ||| READING 3 scrolls of identify.
  2913 | D:4      | 2913 ||| IDENTIFYING grey potion
  2914 | D:4      | 2914 ||| READING 2 scrolls of identify.
  2914 | D:4      | 2914 ||| IDENTIFYING fuming dark potion
  2915 | D:4      | 2915 ||| DROPPING potion of attraction.
  2916 | D:4      | Noticed a phantom
  2932 | D:4      | Killed a phantom
  2933 | D:4      | Reached XP level 6. HP: 29/39 MP: 3/6
  2974 | D:4      | 2974 ||| Stepping ~*~*~tactically~*~*~ (retreating).
  2986 | D:4      | HP: 5/39 [ogre/+0 giant club (9)]
  2988 | D:4      | Slain by an ogre

Levels and vault maps discovered:
D:1:      nagdon_arrival_double_spiral, layout_loops_ring
D:2:      layout_loops_cross, basic_altar, uniq_crazy_yiuf_cottage
D:3:      layout_basic, serial_shops, nicolae_shop_overgrown_old_shop,
          nicolae_shop_tiny_waterfront, shop
D:4:      layout_basic, mainiacjoe_overflow_surrounded_room,
          minmay_temple_entry_glass

Skill      XL: |  1  2  3  4  5 |
---------------+----------------+-----
Armour         | 1 |  1.2
Ranged Weapons | 5 6 |  6.3
Fighting       | 3 4 |  4.7
Dodging        | |  1.5
Stealth        | |  1.1

Action                     |  1- 3 |  4- 6 || total
---------------------------+-------+-------++-------
   Fire: Shortbow          |   107 |    22 ||   129
         Orcbow            |       |   100 ||   100
    Use: Scroll            |     4 |     6 ||    10
         Potion            |       |     2 ||     2
 Armour: Leather armour    |     7 |       ||     7
         Ring mail         |    23 |    87 ||   110
  Dodge: Dodged            |    38 |    57 ||    95

Table legend:
 A = Non-vault XP
 B = Vault XP
 C = Vault XP percentage of total XP
 D = Non-vault monster count
 E = Vault monster count
 F = Vault count percentage of total count
                 A         B        C        D         E       F
            +---------+---------+-------+---------+---------+-------
      Total |     471 |       0 |   0.0 |      64 |       0 |   0.0
            +---------+---------+-------+---------+---------+-------
        D:1 |      36 |       0 |   0.0 |      24 |       0 |   0.0
        D:2 |      70 |       0 |   0.0 |      18 |       0 |   0.0
        D:3 |      92 |       0 |   0.0 |      11 |       0 |   0.0
        D:4 |     273 |       0 |   0.0 |      11 |       0 |   0.0
            +---------+---------+-------+---------+---------+-------
